 Dungeon Sprint DCSS version 0.30.1-9-gdf580d7c3d (webtiles) character file.

Game seed: 17175526760531484547

24200000 Groucho the Intangible (level 27, -114/228 HPs)
             Began as a Djinni Warper on Oct 11, 2023.
             Was the Champion of Makhleb.
             Annihilated by a fleshlord
             ... wielding a +9 great mace
              (342 damage)
             ... in the Dungeon (Sprint VIII: "Arena of Blood").
             The game lasted 00:11:26 (242 turns).

Groucho the Intangible (Djinni Warper)               Turns: 242, Time: 00:11:27

Health: -114/228   AC:  6    Str: 10    XL:     27
Gold:   0          EV: 28    Int: 25    God:    Makhleb [******] SH:  0 Dex: 17

rFire   + + +        i - +∞ Axe of Woe
rCold   x . .        (shield currently unavailable)
rNeg    . . .        b - +0 leather armour
rPois   ∞            (no helmet)
rElec   .            (no cloak)
rCorr   .            (no gloves)
SInv    +            (boots unavailable)
Will    ++...        (no amulet)
Stlth   +++++++++    f - ring of see invisible
HPRegen 0.58/turn    F - ring of protection from fire
MPRegen 0.00/turn

%: no teleportation, infuse magic (-115 HP)
@: flying, slowed, very slow
A: sickness immunity, fire resistance 2, cold vulnerability 1, float, innate
caster, HP casting, extra vitality 1
a: Renounce Religion, Minor Destruction, Lesser Servant of Makhleb, Major
Destruction, Greater Servant of Makhleb


You were in the Dungeon.
You worshipped Makhleb.
Makhleb was exalted by your worship.
You visited 1 branch

Inventory:

Hand Weapons
 a - a +0 hand axe
 i - the +∞ Axe of Woe (weapon)
   (You found it in the Dungeon)
 j - a +9 war axe
 m - a +9 war axe
 w - a +9 heavy great sword
 y - a +9 war axe
Missiles
 d - 7 boomerangs of dispersal
Armour
 b - a +0 leather armour (worn)
Jewellery
 f - a ring of see invisible (left hand)
 k - a +30 ring of slaying
 l - a +30 ring of slaying
 n - a +200 ring of slaying
 o - a +200 ring of slaying
 p - a +200 ring of slaying
 q - a +200 ring of slaying
 r - a +30 ring of slaying
 s - a +30 ring of slaying
 t - a +100 ring of slaying
 u - a +200 ring of slaying
 v - a +200 ring of slaying
 x - a +250 ring of slaying
 z - a +30 ring of slaying
 A - a +30 ring of slaying
 B - a +30 ring of slaying
 C - a +400 ring of slaying
 D - a +400 ring of slaying
 E - a +400 ring of slaying
 F - a ring of protection from fire (right hand)
 G - a +200 ring of slaying
 H - a +250 ring of slaying
Scrolls
 c - 2 scrolls of blinking
Potions
 g - a potion of haste
 h - a potion of berserk rage


   Skills:
 O Level 27 Fighting
 O Level 27 Short Blades
 O Level 27 Long Blades
 O Level 27 Axes
 O Level 27 Maces & Flails
 O Level 27 Polearms
 O Level 27 Staves
 O Level 27 Ranged Weapons
 O Level 27 Throwing
 O Level 27 Armour
 O Level 27 Dodging
 O Level 27 Stealth
 O Level 27 Shields
 O Level 27 Unarmed Combat
 O Level 27 Spellcasting
 O Level 27 Invocations
 O Level 27 Evocations


You knew the following spells:

 Your Spells              Type           Power      Damage    Failure   Level
a - Blink                 Tloc           100%       N/A       0%          2
b - Lesser Beckoning      Tloc           100%       N/A       0%          2
c - Vhi's Electric Charg  Tloc/Air       100%       N/A       0%          3
d - Teleport Other        Tloc           100%       N/A       0%          3
e - Manifold Assault      Tloc           100%       N/A       0%          4
f - Necrotise             Necr           100%       1d9       0%          1
g - Passwall              Tmut/Erth      88%        N/A       0%          2
h - Vampiric Draining     Necr           100%       2d13      0%          3
i - Spider Form           Tmut/Pois      100%       N/A       0%          3
j - Dispel Undead         Necr           100%       3d31      0%          4
k - Yara's Violent Unrav  Hex/Tmut       53%        3d20      0%          5
l - Dispersal             Tloc           53%        N/A       0%          6
m - Summon Hydra          Summ           53%        N/A       0%          7
n - Death Channel         Necr           53%        N/A       0%          6
o - Ignition              Fire           53%        3d15      1%          8
p - Discord               Hex            53%        N/A       1%          8
q - Disjunction           Tloc           53%        N/A       1%          8
r - Polar Vortex          Ice            53%        N/A       1%          9
Your spell library was empty.

Dungeon Overview and Level Annotations

Branches:
Dungeon (1/1)

Altars:
Makhleb


Innate Abilities, Weirdness & Mutations

You are immune to sickness and miasma.
You are immune to poison.
Your flesh is very heat resistant. (rF++)
You are vulnerable to cold. (rC-)
You float through the air rather than walking.
You learn spells naturally, not from books.
Your magical power is your life essence.
You have superior vitality. (+4 MHP)


Message History

The poison arrow hits you! You partially resist.
You hear a shout!
The fleshlord gestures at you while chanting.
You feel as though you will be slow longer.
Unknown command.
Casting: Manifold Assault (safe; 0% risk of failure)
Press: ? - help, Q - select action, (/) - cycle Dir - look around, f - activate Space momentarily warps into an impossible shape!
You slash the bag of meat! You chop the bag of meat into pieces.
You kill the bag of meat!
Makhleb accepts your kill.
You feel better.
You slash the scourge!
You pulverise the scourge into a thin bloody mist.
You kill the scourge!
Makhleb accepts your kill.
You slash the scourge!
You hew the scourge savagely.
You kill the scourge!
Makhleb accepts your kill.
You slash the scourge!
You dissect the scourge like a pig carcass.
You kill the scourge!
Makhleb accepts your kill.
You hear a shout! x4
A scourge comes into view.
You hear a shout! x4
Unknown command.
Unknown command.
Casting: Manifold Assault (safe; 0% risk of failure)
Press: ? - help, Q - select action, (/) - cycle Dir - look around, f - activate
Okay, then.
The scourge hisses angrily.
You carve the bag of meat like a ham!!!
You hew the bag of meat savagely.
You kill the bag of meat!
Makhleb accepts your kill.
You hear a shout! x6
The fleshlord hits you with a +9 great mace!!!!!!
Ouch! That really hurt!
You die...

#..... .# #...)... ..#
#..)... ##...
#....)###..°☼°
#.)..#°†)..)○.
#....).))#.).. ..
#...†)p)°.#... #.
#...°○@°.)..)# #..
#....°°°.)#.). .###..
#....#°°.))..) ......#
#....##.)))).)#........
#.....#)))).#)).....#..
#...)).###))).).)...#_.
#....)..)..S#).))...#..
#..))#)).)....#))..†...
#....#...).)....).....#


You could see a scourge and a fleshlord (fast, very poisoned).

Vanquished Creatures
  7 molten gargoyles (D)
  24 hell knights (D)
  Sigmund (D)
  12 hell beasts (D)
  Edmund (D)
  7 royal mummies (D)
  11 great orbs of eyes (D)
  21 wraiths (D)
  Harold (D)
  17 vampire knights (D)
  47 ogres (D)
  8 two-headed ogres (D)
  21 liches (D)
  15 hydras (D)
  20 phantoms (D)
  105 orcs (D)
  12 skeletal warriors (D)
  26 sea snakes (D)
356 creatures vanquished.

Notes
Turn   | Place    | Note
-------+----------+-------------------------------------------
     0 | D        | Found the +∞ Axe of Woe
     0 | D        | Groucho the Djinni Warper began the quest for the Orb.
     0 | D        | Groucho set off with the following spells memorised: Blink,
                  | Lesser Beckoning, Vhi's Electric Charge, Teleport Other,
                  | Manifold Assault.
     0 | D        | Reached XP level 1. HP: 18/18 MP: 0/0
     1 | D        | Noticed a bag of meat
     2 | D        | Noticed a bag of meat
     3 | D        | Noticed a bag of meat
     3 | D        | Noticed a bag of meat
     3 | D        | Noticed a bag of meat
     4 | D        | Became a worshipper of Makhleb the Destroyer
     5 | D        | Killed a bag of meat
     5 | D        | Noticed a bag of meat
     5 | D        | Noticed a bag of meat
     6 | D        | Reached skill level 15 in Axes
     6 | D        | Reached XP level 2. HP: 23/23 MP: 0/0
     6 | D        | Reached XP level 3. HP: 28/28 MP: 0/0
     6 | D        | Learned a level 1 spell: Necrotise
     6 | D        | Reached XP level 4. HP: 33/33 MP: 0/0
     6 | D        | Reached XP level 5. HP: 38/38 MP: 0/0
     6 | D        | Learned a level 2 spell: Passwall
     6 | D        | Reached XP level 6. HP: 43/43 MP: 0/0
     6 | D        | Reached XP level 7. HP: 49/49 MP: 0/0
     6 | D        | Learned a level 3 spell: Vampiric Draining
     6 | D        | Reached XP level 8. HP: 54/54 MP: 0/0
     6 | D        | Reached XP level 9. HP: 58/58 MP: 0/0
     6 | D        | Learned a level 3 spell: Spider Form
     6 | D        | Reached XP level 10. HP: 64/64 MP: 0/0
     6 | D        | Reached XP level 11. HP: 68/68 MP: 0/0
     6 | D        | Learned a level 4 spell: Dispel Undead
     7 | D        | Noticed a bag of meat
     8 | D        | Killed a bag of meat
     8 | D        | Reached * piety under Makhleb
     9 | D        | Reached XP level 12. HP: 74/74 MP: 0/0
     9 | D        | Killed a bag of meat
     9 | D        | Killed a bag of meat
    10 | D        | Reached XP level 13. HP: 78/78 MP: 0/0
    10 | D        | Learned a level 5 spell: Yara's Violent Unravelling
    10 | D        | Killed a bag of meat
    10 | D        | Reached ** piety under Makhleb
    10 | D        | Killed a bag of meat
    11 | D        | Reached skill level 27 in Dodging
    11 | D        | Reached XP level 14. HP: 85/85 MP: 0/0
    11 | D        | Noticed a meat berserker
    11 | D        | Noticed a bag of meat
    11 | D        | Noticed a bag of meat
    12 | D        | Noticed a bag of meat
    15 | D        | Killed a bag of meat
    15 | D        | Noticed a meat berserker
    15 | D        | Noticed a bag of meat
    16 | D        | Killed a bag of meat
    16 | D        | Reached *** piety under Makhleb
    16 | D        | Noticed a bag of meat
    17 | D        | Reached XP level 15. HP: 89/89 MP: 0/0
    17 | D        | Learned a level 6 spell: Dispersal
    17 | D        | Noticed a meat berserker
    18 | D        | Noticed a meat berserker
    19 | D        | Killed a meat berserker
    19 | D        | Noticed a meat berserker
    20 | D        | Reached skill level 27 in Axes
    21 | D        | Killed a meat berserker
    21 | D        | Reached **** piety under Makhleb
    21 | D        | Noticed a large bag of meat
    22 | D        | Reached XP level 16. HP: 130/130 MP: 0/0
    22 | D        | Killed a meat berserker
    22 | D        | Noticed a meat berserker
    23 | D        | Reached skill level 15 in Spellcasting
    23 | D        | Reached XP level 17. HP: 143/143 MP: 0/0
    23 | D        | Learned a level 7 spell: Summon Hydra
    24 | D        | Killed a meat berserker
    24 | D        | Reached ***** piety under Makhleb
    25 | D        | Killed a meat berserker
    26 | D        | Killed a meat berserker
    26 | D        | Killed a large bag of meat
    27 | D        | Reached skill level 27 in Fighting
    27 | D        | Reached XP level 18. HP: 159/167 MP: 0/0
    27 | D        | Noticed a large bag of meat
    28 | D        | Noticed an eight-headed meat hydra
    29 | D        | Reached skill level 27 in Spellcasting
    29 | D        | Reached XP level 19. HP: 170/174 MP: 0/0
    29 | D        | Learned a level 6 spell: Death Channel
    30 | D        | Reached ****** piety under Makhleb
    33 | D        | Killed a large bag of meat
    34 | D        | Killed a nine-headed meat hydra
    34 | D        | Noticed a meat berserker
    36 | D        | Reached skill level 10 in Armour
    36 | D        | Reached skill level 10 in Invocations
    40 | D        | Noticed a sculptor of flesh
    40 | D        | Killed a meat berserker
    41 | D        | Reached skill level 15 in Armour
    41 | D        | Reached skill level 15 in Invocations
    42 | D        | Noticed a meat berserker
    43 | D        | Noticed a destroyer
    44 | D        | Noticed a tyrant
    47 | D        | Killed a meat berserker
    48 | D        | Reached XP level 20. HP: 181/181 MP: 0/0
    50 | D        | Noticed a tyrant
    54 | D        | Noticed a tyrant
    56 | D        | Noticed a tyrant
    56 | D        | Killed a tyrant
    56 | D        | Killed a tyrant
    57 | D        | Killed a tyrant
    58 | D        | Reached skill level 27 in Armour
    58 | D        | Reached skill level 27 in Invocations
    58 | D        | Reached skill level 1 in Stealth
    58 | D        | Reached skill level 1 in Unarmed Combat
    58 | D        | Reached XP level 21. HP: 147/187 MP: 0/0
    58 | D        | Learned a level 8 spell: Ignition
    58 | D        | Noticed a meat berserker
    58 | D        | Killed a meat berserker
    58 | D        | Killed a tyrant
    58 | D        | Killed a destroyer
    58 | D        | Noticed a meat berserker
    59 | D        | Killed a meat berserker
    60 | D        | Reached XP level 22. HP: 194/194 MP: 0/0
    62 | D        | Noticed a meat berserker
    63 | D        | Killed a meat berserker
    63 | D        | Noticed a tyrant
    64 | D        | Killed a tyrant
    66 | D        | Noticed an accursed
    68 | D        | Reached skill level 27 in Unarmed Combat
    68 | D        | Noticed a meat berserker
    69 | D        | Noticed a meat beast
    69 | D        | Killed a meat beast
    70 | D        | Reached skill level 27 in Stealth
    70 | D        | Reached XP level 23. HP: 187/201 MP: 0/0
    70 | D        | Learned a level 8 spell: Discord
    70 | D        | Killed an accursed
    71 | D        | Reached XP level 24. HP: 183/208 MP: 0/0
    71 | D        | Noticed a meat beast
    71 | D        | Killed a meat beast
    72 | D        | Reached skill level 15 in Short Blades
    72 | D        | Reached skill level 15 in Long Blades
    72 | D        | Reached skill level 15 in Staves
    73 | D        | Noticed a tyrant
    74 | D        | Reached XP level 25. HP: 214/214 MP: 0/0
    74 | D        | Learned a level 8 spell: Disjunction
    74 | D        | Killed a tyrant
    75 | D        | Reached skill level 15 in Maces & Flails
    75 | D        | Reached skill level 15 in Polearms
    75 | D        | Reached skill level 15 in Ranged Weapons
    75 | D        | Reached skill level 15 in Throwing
    76 | D        | Noticed a tyrant
    77 | D        | Killed a tyrant
    78 | D        | Noticed a destroyer
    78 | D        | Noticed a destroyer
    80 | D        | Reached XP level 26. HP: 221/221 MP: 0/0
    80 | D        | Killed a destroyer
    83 | D        | Noticed a large bag of meat
    84 | D        | Killed a large bag of meat
    84 | D        | Noticed a destroyer
    84 | D        | Noticed a destroyer
    85 | D        | Reached XP level 27. HP: 228/228 MP: 0/0
    85 | D        | Learned a level 9 spell: Polar Vortex
    85 | D        | Killed a destroyer
    85 | D        | Killed a destroyer
    88 | D        | Noticed a meat beast
    88 | D        | Noticed a meat beast
    88 | D        | Noticed a destroyer
    89 | D        | Noticed a destroyer
    89 | D        | Killed a destroyer
    89 | D        | Noticed a tyrant
    90 | D        | Reached skill level 27 in Shields
    90 | D        | Reached skill level 27 in Evocations
    90 | D        | Killed a destroyer
    90 | D        | Killed a meat beast
    91 | D        | Reached skill level 27 in Short Blades
    91 | D        | Reached skill level 27 in Long Blades
    91 | D        | Reached skill level 27 in Maces & Flails
    91 | D        | Reached skill level 27 in Polearms
    91 | D        | Reached skill level 27 in Staves
    91 | D        | Reached skill level 27 in Ranged Weapons
    91 | D        | Reached skill level 27 in Throwing
    91 | D        | Killed a tyrant
    92 | D        | Noticed a tyrant
    92 | D        | Killed a tyrant
    93 | D        | Killed a destroyer
    93 | D        | Noticed a dread
    93 | D        | Noticed a destroyer
    93 | D        | Noticed a dread
    94 | D        | Killed a dread
    94 | D        | Killed a dread
    95 | D        | Killed a destroyer
    97 | D        | Noticed a tyrant
    97 | D        | Noticed a large bag of meat
    97 | D        | Noticed a destroyer
    97 | D        | Noticed a destroyer
    99 | D        | Killed a tyrant
   100 | D        | Noticed an accursed
   100 | D        | Killed a large bag of meat
   101 | D        | Killed an accursed
   101 | D        | Noticed a tyrant
   102 | D        | Killed a tyrant
   102 | D        | Killed a destroyer
   104 | D        | Killed a destroyer
   107 | D        | Noticed a dread
   109 | D        | Noticed a destroyer
   110 | D        | Killed a destroyer
   110 | D        | Noticed a tyrant
   110 | D        | Noticed a tyrant
   111 | D        | Killed a tyrant
   111 | D        | Killed a tyrant
   112 | D        | Killed a dread
   114 | D        | Noticed a tyrant
   115 | D        | Killed a tyrant
   115 | D        | Noticed a dread
   116 | D        | Killed a dread
   119 | D        | Noticed a fleshlord
   119 | D        | Killed a fleshlord
   120 | D        | Noticed an accursed
   121 | D        | Noticed a fleshlord
   121 | D        | Killed a fleshlord
   121 | D        | Killed an accursed
   122 | D        | Noticed a tyrant
   122 | D        | Noticed a fleshlord
   123 | D        | Noticed a fleshlord
   123 | D        | Noticed a large bag of meat
   124 | D        | Noticed The Servant
   125 | D        | Killed a tyrant
   125 | D        | Killed a fleshlord
   125 | D        | Killed a fleshlord
   126 | D        | Killed The Servant
   126 | D        | Noticed a tyrant
   127 | D        | Noticed a fleshlord
   127 | D        | Killed a fleshlord
   127 | D        | Killed a large bag of meat
   127 | D        | Killed a tyrant
   128 | D        | Noticed a dread
   128 | D        | Killed a dread
   128 | D        | Noticed a meat beast
   129 | D        | Noticed a fleshlord
   129 | D        | Killed a meat beast
   130 | D        | Killed a fleshlord
   130 | D        | Noticed a tyrant
   131 | D        | Noticed a fleshlord
   131 | D        | Noticed a fleshlord
   131 | D        | Killed a tyrant
   131 | D        | Killed a fleshlord
   131 | D        | Killed a fleshlord
   131 | D        | Noticed a fleshlord
   132 | D        | Noticed a fleshlord
   134 | D        | Noticed a meat beast
   135 | D        | Killed a fleshlord
   135 | D        | Killed a meat beast
   135 | D        | Killed a fleshlord
   138 | D        | Noticed a fleshlord
   138 | D        | Noticed a dread
   139 | D        | Noticed a tyrant
   139 | D        | Noticed The Captor
   140 | D        | Killed The Captor
   140 | D        | Killed a tyrant
   142 | D        | Killed a dread
   142 | D        | Noticed an accursed
   143 | D        | Killed a fleshlord
   143 | D        | Killed an accursed
   143 | D        | Noticed a meat beast
   146 | D        | Killed a meat beast
   146 | D        | Noticed an accursed
   147 | D        | Killed an accursed
   150 | D        | Noticed a dread
   150 | D        | Killed a dread
   151 | D        | Noticed a dread
   151 | D        | Noticed a fleshlord
   152 | D        | Killed a dread
   152 | D        | Killed a fleshlord
   153 | D        | Noticed an accursed
   153 | D        | Noticed a meat beast
   154 | D        | Killed a meat beast
   154 | D        | Killed an accursed
   155 | D        | Noticed a fleshlord
   155 | D        | Killed a fleshlord
   156 | D        | Noticed a fleshlord
   157 | D        | Killed a fleshlord
   158 | D        | Noticed a dread
   159 | D        | Killed a dread
   160 | D        | Noticed a destroyer
   161 | D        | Killed a destroyer
   163 | D        | Noticed a meat beast
   163 | D        | Killed a meat beast
   163 | D        | Noticed a destroyer
   164 | D        | Killed a destroyer
   167 | D        | Noticed a fleshlord
   167 | D        | Killed a fleshlord
   171 | D        | Noticed a dread
   174 | D        | Killed a dread
   176 | D        | Noticed a fleshlord
   176 | D        | Killed a fleshlord
   176 | D        | Noticed a destroyer
   180 | D        | Killed a destroyer
   181 | D        | Noticed a dread
   181 | D        | Killed a dread
   183 | D        | Noticed a tyrant
   185 | D        | Noticed a tyrant
   186 | D        | Noticed a tyrant
   188 | D        | Noticed a large bag of meat
   189 | D        | Killed a large bag of meat
   189 | D        | Killed a tyrant
   189 | D        | Noticed a fleshlord
   190 | D        | Killed a fleshlord
   190 | D        | Noticed a meat beast
   191 | D        | Killed a meat beast
   191 | D        | Killed a tyrant
   191 | D        | Noticed a fleshlord
   191 | D        | Noticed a dread
   192 | D        | Killed a fleshlord
   192 | D        | Killed a dread
   192 | D        | Noticed a destroyer
   192 | D        | Noticed a fleshlord
   193 | D        | Noticed a fleshlord
   194 | D        | Noticed The Defiler
   194 | D        | Killed a fleshlord
   194 | D        | Killed The Defiler
   195 | D        | Noticed a meat beast
   198 | D        | Killed a destroyer
   198 | D        | Noticed a destroyer
   199 | D        | Killed a destroyer
   200 | D        | Killed a fleshlord
   201 | D        | Noticed a meat beast
   203 | D        | Noticed a fleshlord
   204 | D        | Killed a meat beast
   204 | D        | Killed a fleshlord
   204 | D        | Noticed an accursed
   206 | D        | Killed an accursed
   206 | D        | Noticed a dread
   208 | D        | Killed a dread
   208 | D        | Noticed a vile
   208 | D        | Noticed a fleshlord
   209 | D        | Killed a vile
   209 | D        | Killed a fleshlord
   209 | D        | Noticed a destroyer
   210 | D        | Killed a destroyer
   212 | D        | Noticed a large bag of meat
   212 | D        | Noticed a dread
   213 | D        | Killed a dread
   213 | D        | Killed a large bag of meat
   214 | D        | Noticed a vile
   216 | D        | Noticed a vile
   217 | D        | Killed a vile
   217 | D        | Killed a vile
   218 | D        | Noticed a fleshlord
   218 | D        | Noticed a vile
   218 | D        | Killed a vile
   218 | D        | Killed a fleshlord
   221 | D        | Noticed a dread
   222 | D        | Killed a dread
   222 | D        | Noticed a vile
   223 | D        | Killed a vile
   224 | D        | Noticed a dread
   225 | D        | Noticed a dread
   226 | D        | Killed a dread
   226 | D        | Killed a dread
   226 | D        | Noticed a dread
   227 | D        | Noticed a fleshlord
   228 | D        | Killed a dread
   228 | D        | Killed a fleshlord
   228 | D        | Noticed a large bag of meat
   229 | D        | Killed a large bag of meat
   229 | D        | Noticed a dread
   229 | D        | Noticed a meat beast
   230 | D        | Killed a meat beast
   230 | D        | Killed a dread
   231 | D        | Noticed a dread
   231 | D        | Noticed a meat beast
   232 | D        | Killed a tyrant
   232 | D        | Killed a dread
   233 | D        | Noticed a vile
   233 | D        | Killed a vile
   233 | D        | Killed a meat beast
   236 | D        | Noticed a fleshlord
   236 | D        | Noticed a vile
   237 | D        | Noticed a dread
   239 | D        | Killed a dread
   240 | D        | Killed a vile
   242 | D        | Annihilated by a fleshlord

Illustrated notes

Levels and vault maps discovered:
D:        meatsprint

Skill      XL: |  1  2  3  4  5  6  7  8  9 10 11 12 13 14 15 16 17 18 19 20 21 22 23 24 25 26 27 |
---------------+----------------------------------------------------------------------------------+-----
Axes           | 15 17 20 23 26 27 | 27.0
Dodging        | 19 22 25 27 | 27.0
Fighting       | 17 19 27 | 27.0
Spellcasting   | 13 15 24 27 | 27.0
Armour         | 6 19 27 | 27.0
Invocations    | 6 19 27 | 27.0
Stealth        | 1 20 27 | 27.0
Unarmed Combat | 1 22 27 | 27.0
Short Blades   | 9 12 16 19 23 27 | 27.0
Long Blades    | 9 12 16 19 23 27 | 27.0
Maces & Flails | 8 11 14 18 21 27 | 27.0
Polearms       | 8 11 14 18 21 27 | 27.0
Staves         | 9 12 16 19 23 27 | 27.0
Ranged Weapons | 8 11 14 18 21 27 | 27.0
Throwing       | 8 11 14 18 21 27 | 27.0
Shields        | 9 13 17 21 24 27 | 27.0
Evocations     | 9 13 17 21 24 27 | 27.0

Action                     |  1- 3 |  4- 6 |  7- 9 | 10-12 | 13-15 | 16-18 | 19-21 | 22-24 | 25-27 || total
---------------------------+-------+-------+-------+-------+-------+-------+-------+-------+-------++-------
  Melee: Executioner's axe |     1 |       |       |     2 |     6 |     6 |    21 |    10 |   305 ||   351
   Cast: Manifold Assault  |       |       |       |       |       |       |     3 |     7 |   105 ||   115
    Use: Potion            |       |       |       |       |       |       |     1 |       |     1 ||     2
  Dodge: Dodged            |       |       |       |       |     1 |       |     1 |       |     1 ||     3
